 Dungeon Crawl Stone Soup version 0.28-a0-1415-g7c84da036a (webtiles) character file.

Game seed: 5858405988335463463

12 blank1 the Magician (level 2, -1/22 HPs)
             Began as a Djinni Earth Elementalist on Jan 7, 2022.
             Slain by a hobgoblin (5 damage)
             ... on level 1 of the Dungeon.
             The game lasted 00:02:38 (1014 turns).

blank1 the Magician (Djinni Earth Elementalist)     Turns: 1014, Time: 00:02:39

Health: -1/22      AC:  2    Str:  7    XL:     2   Next: 45%
Gold:   28         EV: 12    Int: 16    God:
                   SH:  0    Dex: 13

rFire   + + .      SeeInvis .   e - +0 dagger
rCold   x . .      Faith    .   (no shield)
rNeg    . . .      Spirit   .   b - +0 robe
rPois   ∞          Reflect  .   (no helmet)
rElec   .          Harm     .   (no cloak)
rCorr   .          Rampage  .   (no gloves)
Will    .....                   (boots unavailable)
Stlth   ++........              (no amulet)
HPRegen 0.07/turn               (no ring)
MPRegen 0.00/turn               (no ring)

@: flying
A: sickness immunity, fire resistance 2, cold vulnerability 1, float, innate
caster, hp casting, extra vitality 1
a: no special abilities


You were on level 1 of the Dungeon.
You visited 1 branch of the dungeon, and saw 1 of its levels.

You collected 28 gold pieces.

Inventory:

Hand Weapons
 e - a +0 dagger (weapon)
Missiles
 c - 32 stones
Armour
 b - a +0 robe (worn)
Scrolls
 a - a scroll of teleportation {unknown}
 d - a scroll of identify {unknown}
Potions
 f - a potion of heal wounds {unknown}
 g - a potion of curing {unknown}


   Skills:
 + Level 0.7 Fighting
 + Level 2.4 Dodging
 + Level 1.8 Stealth
 + Level 2.5 Spellcasting


You couldn't memorise any spells.
You knew the following spells:

 Your Spells              Type           Power      Damage    Failure   Level
a - Sandblast             Erth           20%        2d7       7%          1
b - Passwall              Tmut/Erth      8%         N/A       11%         2
c - Stone Arrow           Conj/Erth      20%        3d8       21%         3
d - Petrify               Tmut/Erth      10%        N/A       56%         4
Your spell library was empty.

Dungeon Overview and Level Annotations

Branches:
Dungeon (1/15)

Altars:


Innate Abilities, Weirdness & Mutations

You are immune to sickness and miasma.
You are immune to poison.
Your flesh is very heat resistant. (rF++)
You are vulnerable to cold. (rC-)
You float through the air rather than walking.
You learn spells naturally, not from books.
Your magical power is your life essence.
You have superior vitality. (+4 MHP)


Message History

Confirm with . or Enter, or press ? or * to list all spells.
Aiming: Sandblast (safe; 7% risk of failure)
Press: ? - help, Shift-Dir - straight line, f - kobold
Aim: a kobold, wielding a +0 short sword (severely wounded, 74% to hit)
The blast of sand hits the kobold.
You kill the kobold!
Casting: Sandblast (safe; 7% risk of failure)
Confirm with . or Enter, or press ? or * to list all spells.
Aiming: Sandblast (safe; 7% risk of failure)
Press: ? - help, Shift-Dir - straight line, f - hobgoblin
Aim: a hobgoblin (79% to hit)
The blast of sand misses the hobgoblin.
* * * LOW HITPOINT WARNING * * *
The hobgoblin closely misses you.
Casting: Sandblast (safe; 7% risk of failure)
Confirm with . or Enter, or press ? or * to list all spells.
Aiming: Sandblast (safe; 7% risk of failure)
Press: ? - help, Shift-Dir - straight line, f/p - hobgoblin
Aim: a hobgoblin (79% to hit)
The blast of sand misses the hobgoblin.
* * * LOW HITPOINT WARNING * * *
The hobgoblin misses you.
Casting: Sandblast (safe; 7% risk of failure)
Confirm with . or Enter, or press ? or * to list all spells.
Aiming: Sandblast (safe; 7% risk of failure)
Press: ? - help, Shift-Dir - straight line, f/p - hobgoblin
Aim: a hobgoblin (79% to hit)
The blast of sand hits the hobgoblin.
The hobgoblin is almost dead.
* * * LOW HITPOINT WARNING * * *
The hobgoblin hits you but does no damage.
Casting: Sandblast (safe; 7% risk of failure)
Confirm with . or Enter, or press ? or * to list all spells.
Aiming: Sandblast (safe; 7% risk of failure)
Press: ? - help, Shift-Dir - straight line, f/p - hobgoblin
Aim: a hobgoblin (almost dead, 79% to hit)
The blast of sand misses the hobgoblin.
* * * LOW HITPOINT WARNING * * *
The hobgoblin hits you.
You die...

#####.## #.# #.....##
... ).....# #.# #.....#
..## #..#### #.# #.....#
.. .....# #.# #....##
.###.#####.# #....# ##
#.......# #....# #
#.####.## ######
####).###..#############
)...............@g......
.####.....##############
## #.....##### #
#.........# #
#...>.....# #
#.........# #
#..†......# #
#.........# #
#.........#


You could see a hobgoblin.

Vanquished Creatures
  2 goblins (D:1)
  2 hobgoblins (D:1)
  2 kobolds (D:1)
  3 ball pythons (D:1)
  A bat (D:1)
  2 rats (D:1)
12 creatures vanquished.

Notes
Turn   | Place    | Note
-------+----------+-------------------------------------------
     0 | D:1      | blank1 the Djinni Earth Elementalist began the quest for
                  | the Orb.
     0 | D:1      | Reached XP level 1. HP: 15/15 MP: 0/0
   511 | D:1      | Reached XP level 2. HP: 11/22 MP: 0/0
  1014 | D:1      | Slain by a hobgoblin

Illustrated notes

Levels and vault maps discovered:
D:1:      eino_arrival_water_star, layout_rooms

Action                   || total
-------------------------++-------
Melee: Dagger            ||    27
       Unarmed           ||     4
 Cast: Sandblast         ||    20
Armor: Robe              ||     8
Dodge: Dodged            ||    21

Table legend: (Time is in decaauts)
 A = Elapsed time spent in this place.
 B = Non-inter-level travel time spent in this place.
 C = Inter-level travel time spent in this place.
 D = Time resting spent in this place.
 E = Time spent auto-exploring this place.
 F = Levels seen in this place.
 G = Mean time per level.
                   A        B        C        D        E       F      G
               +--------+--------+--------+--------+--------+-----+--------+
         Total |   1013 |   1013 |      0 |    595 |    303 |   1 | 1013.0 |
       Dungeon |   1013 |   1013 |      0 |    595 |    303 |   1 | 1013.0 |
               +--------+--------+--------+--------+--------+-----+--------+

Top non-repeatable levels by time:
     D:1: 1013 daAuts
